cohdb
Replays
Latest Replays
All Replays
Popular Replays
Top Player Replays
Match Explorer
How It Works
Community
CoH3 Stats
Reddit
Sign in to upload your games and track your stats! →
Sign in with Steam
Match 45747280
Unlisted
Match 45747280
Overview
Messages
Build Orders
End
Construct Weapon Support Center
Scout Squad
Selects Heavy Weapons
M1919 Machine Gun Team
Bazooka Squad
Engineer Squad
Infantry Support Center
Selects M2HB .50cal Heavy Machine Gun
Bazooka Squad
Improved M9 Bazooka Rockets
Construct Motor Pool
M1919 Machine Gun Team
M8 Greyhound Armored Car
Construct Tank Depot
M1919 Machine Gun Team
Selects Rapid Reposition
M4(105) Sherman Bulldozer
M18 Hellcat Tank Destroyer
M18 Hellcat Tank Destroyer
M1919 Machine Gun Team
M3 Armored Personnel Carrier
Selects Bolstered Team Weapons
Selects Assault Carriers
Selects Exchangeable Parts
Scooter
lonely all the way
오렌지플래닛
1ssb7thvbe
Dzwony Stefana
Tunerovsky
_Nemez_
JBoss
0
0
Comments
sign in to comment!
No comments posted yet!